 Dungeon Crawl Stone Soup version 0.21.1-1-g345015f (webtiles) character file.

166 4thArraOfDagon the Reanimator (level 5, -4/49 HPs)
             Began as a Deep Dwarf Necromancer on June 8, 2018.
             Was an Initiate of Makhleb.
             Slain by Grinder (9 damage)
             ... while paralysed by Grinder
             ... on level 3 of the Dungeon.
             The game lasted 00:03:33 (376 turns).

4thArraOfDagon the Reanimator (DDNe)                 Turns: 376, Time: 00:03:33

Health: -4/49      AC:  2    Str: 11    XL:     5   Next: 22%
Magic:  2/11       EV:  2    Int: 17    God:    Makhleb [......]
Gold:   12         SH:  0    Dex: 13    Spells: 9/13 levels left

rFire    . . .     SeeInvis .   f - +0 war axe
rCold    . . .     Gourm    .   (no shield)
rNeg     . . .     Faith    .   a - +0 robe
rPois    .         Spirit   .   (no helmet)
rElec    .         Reflect  .   (no cloak)
rCorr    .         Harm     .   (no gloves)
MR       .....                  (no boots)
Stlth    ++........             (no amulet)
HPRegen  0.00/turn              d - ring of flight
MPRegen  0.12/turn              (no ring)

@: paralysed, lethally poisoned (-4 -> -4), non-regenerating
A: damage resistance, heal wounds, sense surroundings 1, no regeneration
a: Heal Wounds, Renounce Religion, Evoke Flight


You were on level 3 of the Dungeon.
You worshipped Makhleb.
Makhleb was noncommittal.
You were not hungry.

You visited 2 branches of the dungeon, and saw 5 of its levels.

You collected 12 gold pieces.

Inventory:

Hand Weapons
 f - a +0 war axe (weapon)
 h - a +0 mace
Armour
 a - a +0 robe (worn)
Jewellery
 d - a ring of flight (left hand)
Scrolls
 e - a scroll of enchant armour
Books
 b - a book of Necromancy

   Spells                             Type                      Level
   a - Pain                           Necromancy                   1
   b - Animate Skeleton               Necromancy                   1
   c - Vampiric Draining              Necromancy                   3
   d - Regeneration                   Charms/Necromancy            3
   e - Animate Dead                   Necromancy                   4
   f - Borgnjor's Vile Clutch         Necromancy/Earth             5
Comestibles
 c - 2 rations


   Skills:
 - Level 3.0 Fighting
 - Level 4.1 Dodging
 - Level 2.4 Stealth
 + Level 4.5 Spellcasting
 * Level 9.2 Necromancy
   Level 5.7 Earth Magic


You had 9 spell levels left.
You knew the following spells:

 Your Spells              Type           Power        Failure   Level  Hunger
a - Pain                  Necr           ####         1%          1    None
b - Vampiric Draining     Necr           #####.....   1%          3    ###....


Dungeon Overview and Level Annotations

Branches:
Dungeon (4/15)             Temple (1/1) D:4

Altars:
Cheibriados
Fedhas
Gozag
Hepliaklqana
Kikubaaqudgha
Makhleb
Nemelex Xobeh
Okawaru
Qazlal
Ru
Sif Muna
Trog
Uskayaw
Vehumet
Wu Jian
Yredelemnul
Zin
The Shining One

Annotations:
D:3 Grinder


Innate Abilities, Weirdness & Mutations

You are resistant to damage.
You can heal yourself by infusing magical energy.
You passively map a small area around you.
You do not regenerate.


Message History

Unknown command.
The orc hits you from afar with a trident.
Unknown command.
Wield which item (- for none, * to show all)? (? for menu, Esc to quit)
f - a +0 war axe (weapon)
Grinder gestures at you.
You suddenly lose the ability to move!
The orc hits you from afar with a trident!
Grinder hits you.
You writhe in agony.
The orc hits you from afar with a trident.
Grinder gestures at you.
You struggle to resist.
The orc hits you but does no damage. Grinder hits you.
* * * LOW HITPOINT WARNING * * *
You writhe in agony.
* * * LOW HITPOINT WARNING * * *
The orc hits you from afar with a trident!
* * * LOW HITPOINT WARNING * * *
Grinder hits you!
You die...

.# ,,, , ..# #.# #.#
### #.# * , ..# #.#
*## * #.######.# .#
#.#<.....###.#
######.#...#.o5@#.#
##....#.#.#.######.#
...#.##............#
.......o.......>.#.#
..o#.o##.##.###..#.#
...#..#.>.#...#..#.#
...#..#..........#.#
...##.#.......##.#.#
†.w.w.#..##....#.#.#


You could see Grinder and an orc.

Vanquished Creatures
  An ogre (D:4)
  An orc wizard (D:3)
  A worm (D:3)
  A leopard gecko (D:3)
  2 orcs (D:3)
  2 bats
  A rat (D:3)
9 creatures vanquished.

Notes
Turn   | Place    | Note
-------+----------+-------------------------------------------
     0 | D:1      | 4thArraOfDagon the Deep Dwarf Necromancer began the quest for the Orb.
     0 | D:1      | Reached XP level 1. HP: 15/15 MP: 3/3
    61 | D:2      | Found a glowing golden altar of the Shining One.
    95 | D:4      | Noticed an ogre
   113 | D:4      | Found a staircase to the Ecumenical Temple.
   117 | Temple   | Entered the Ecumenical Temple
   120 | Temple   | Reached skill level 7 in Necromancy
   120 | Temple   | Reached XP level 2. HP: 28/28 MP: 4/6
   121 | Temple   | Reached skill level 8 in Necromancy
   121 | Temple   | Reached skill level 5 in Earth Magic
   121 | Temple   | Reached XP level 3. HP: 34/34 MP: 4/8
   193 | D:3      | Learned a level 3 spell: Vampiric Draining
   198 | D:4      | Killed an ogre
   198 | D:4      | Reached skill level 9 in Necromancy
   198 | D:4      | Reached XP level 4. HP: 29/42 MP: 2/10
   268 | Temple   | Became a worshipper of Makhleb the Destroyer
   333 | D:3      | Noticed Grinder
   356 | D:3      | Reached XP level 5. HP: 33/49 MP: 2/11
   372 | D:3      | Paralysed by Grinder for 7 turns
   376 | D:3      | Slain by Grinder

Skill      XL: |  1  2  3 |
---------------+----------+-----
Fighting       | 3 |  3.0
Spellcasting   | 3 4 |  4.5
Necromancy     | 7 8 9 |  9.2
Dodging        | 4 |  4.1
Earth Magic    | 5 |  5.7
Stealth        | |  2.4

Action                   |  1- 3 |  4- 6 || total
-------------------------+-------+-------++-------
Melee: Mace              |     3 |    24 ||    27
 Cast: Pain              |     3 |     1 ||     4
       Vampiric Draining |     1 |     4 ||     5
 Abil: Heal Wounds       |     1 |     1 ||     2
  Use: Potion            |     2 |     1 ||     3
       Scroll            |     3 |       ||     3
Armor: Robe              |       |     1 ||     1
Dodge: Dodged            |    14 |    28 ||    42
